 Dungeon Crawl Stone Soup version 0.21.1-1-g345015fe64 (webtiles) character file.

10439 Lavandula the Cleaver (level 11, 5/79 HPs)
             Began as a Barachi Earth Elementalist on July 23, 2018.
             Was an Elder of Cheibriados.
             Quit the game on level 2 of the Orcish Mines.
             The game lasted 00:33:52 (5899 turns).

Lavandula the Cleaver (Barachi Earth Elementalist)  Turns: 5899, Time: 00:33:53

Health: 5/79       AC: 12    Str: 13    XL:     11   Next: 62%
Magic:  1/18       EV: 15    Int: 33    God:    Cheibriados [****..]
Gold:   1103       SH:  0    Dex: 21    Spells: 7/20 levels left

rFire    + + +     SeeInvis .   w - +11 hand axe "Takeem" {venom, rElec rPois rF+ Str-5 Int+4}
rCold    + . .     Gourm    .   (no shield)
rNeg     . . .     Faith    .   H - +0 troll leather armour
rPois    +         Spirit   .   z - +2 helmet
rElec    +         Reflect  .   q - scarf {rC+ rF+}
rCorr    .         Harm     .   (no gloves)
MR       .....                  (no boots)
Stlth    ++........             y - amulet of regeneration
HPRegen  1.03/turn              p - +5 ring of protection
MPRegen  0.16/turn              C - ring of protection from fire

@: can't hop, very slow
A: +LOS, swims, slowness 1, strong legs 1
a: Hop, Bend Time, Temporal Distortion, Slouch, Renounce Religion


You were on level 2 of the Orcish Mines.
You worshipped Cheibriados.
Cheibriados was greatly pleased with you.
You were hungry.

You visited 3 branches of the dungeon, and saw 14 of its levels.

You collected 1103 gold pieces.

Inventory:

Hand Weapons
 h - a +0 hand axe
 k - a +3 war axe
 w - the +11 hand axe "Takeem" (weapon) {venom, rElec rPois rF+ Str-5 Int+4}
   (You found it on level 7 of the Dungeon)

   It poisons the flesh of those it strikes.
   It affects your strength (-5).
   It affects your intelligence (+4).
   It protects you from fire.
   It insulates you from electricity.
   It protects you from poison.
Missiles
 t - 93 stones (quivered)
Armour
 c - a +0 robe
 f - a cursed +0 chain mail
 l - a +0 leather armour
 n - a +0 scale mail
 q - a scarf of resistance (worn)
 v - a +0 chain mail
 z - a +2 helmet (worn)
 D - a +2 leather armour of cold resistance
 H - a +0 troll leather armour (worn)
 I - a +1 robe of magic resistance
Jewellery
 g - an uncursed ring of fire
 p - a +5 ring of protection (left hand)
 y - an amulet of regeneration (around neck)
 C - a ring of protection from fire (right hand)
Wands
 r - a wand of flame (33)
 u - a wand of digging (16)
Scrolls
 i - a scroll of teleportation
 m - 3 scrolls of fog
 x - 5 scrolls of remove curse
Potions
 a - 2 potions of brilliance
 j - a potion of agility {unknown}
 A - a potion of magic
 E - a potion of flight
 F - a potion of mutation {unknown}
Books
 b - a book of Maledictions

   Spells                             Type                      Level
   a - Corona                         Hexes                        1
   b - Ensorcelled Hibernation        Hexes/Ice                    2
   c - Confuse                        Hexes                        3
   d - Tukima's Dance                 Hexes                        3
   e - Dazzling Spray                 Conjuration/Hexes            3
 e - a book of Geomancy

   Spells                             Type                      Level
   a - Sandblast                      Earth                        1
   b - Passwall                       Transmutation/Earth          2
   c - Stone Arrow                    Conjuration/Earth            3
   d - Petrify                        Transmutation/Earth          4
   e - Lee's Rapid Deconstruction     Earth                        5
 G - a book of Changes

   Spells                             Type                      Level
   a - Beastly Appendage              Transmutation                1
   b - Sticks to Snakes               Transmutation                2
   c - Spider Form                    Transmutation/Poison         3
   d - Ice Form                       Ice/Transmutation            4
   e - Blade Hands                    Transmutation                5
Comestibles
 d - 13 rations
 s - a chunk of flesh


   Skills:
 - Level 5.0 Fighting
 - Level 14.0 Axes
 - Level 4.4 Dodging
 - Level 1.7 Stealth
 - Level 5.2 Spellcasting
 - Level 1.1 Transmutations
 - Level 8.8 Earth Magic
 + Level 4.2 Invocations


You had 7 spell levels left.
You knew the following spells:

 Your Spells              Type           Power        Failure   Level  Hunger
a - Sandblast             Erth           ######       1%          1    None
b - Stone Arrow           Conj/Erth      #####.       2%          3    None
c - Petrify               Tmut/Erth      #####...     8%          4    ###....
d - Lee's Rapid Deconstr  Erth           ######....   4%          5    #####..


Dungeon Overview and Level Annotations

Branches:
Dungeon (11/15)            Temple (1/1) D:6             Orc (2/2) D:10
    Elf (0/3) Orc:2
   Lair: D:8-11

Altars:
Ashenzari
Cheibriados
Dithmenos
Elyvilon
Gozag
Kikubaaqudgha
Makhleb
Nemelex Xobeh
Okawaru
Ru
Sif Muna
Trog
Vehumet
Wu Jian
Zin
The Shining One
Beogh

Annotations:
D:3 SlightEye's ghost, amateur FoFi
Orc:2 1 runed door


Innate Abilities, Weirdness & Mutations

Shadows flee at your approach. (+LOS)
You can swim through water.
You cover ground slowly.
You can hop short distances.


Message History

Okay, then.
Okay, then.
You feel better.
The centaur shoots an arrow.
The arrow hits you!
* * * LOW HITPOINT WARNING * * *
The orc warrior unwields an uncursed great mace.
The orc warrior wields an arbalest.
The orc warrior shoots a bolt.
The bolt hits you!
* * * LOW HITPOINT WARNING * * *
The orc shoots a bolt.
The bolt barely misses you.
A fire elemental and an orc come into view.
Okay, then.
Okay, then.
Okay, then.
Evoke which item? (* to show all) (? for menu, Esc to quit)
Okay, then.
Level annotation: 1 runed door Welcome back, Lavandula the Barachi Earth Elementalist.
Cheibriados says: Take it easy.
Press ? for a list of commands and other information.
Are you sure you want to abandon this character and quit the game? (Confirm with "yes".)

....o...#...(.......##
........(.....##(..(.#
............(..#....##
..................##.##
...........(oo(.).....#
............###.))...##
...........(# ##))...#
...........(###(o...##
........#@...##.....#
#..##.......##(..#)##
.. ##.......##.#)..#
#...##.#####.รท## c..(#
### ##.(.# .o#..
##)(.#### ..E#..
###...(...# ... ...
#(....(...#### .. o..
###....##.(....#


You could see a fire elemental, 2 orc warriors, a centaur and 2 orcs.

Vanquished Creatures
  A two-headed ogre (D:10)
  3 orc knights (Orc:2)
  An ugly thing (D:11)
  The ghost of Lavandula the Magician, a novice BaEE of Cheibriados (D:7)
  A cyclops (Orc:2)
  A troll (Orc:2)
  Eustachio (D:6)
  A shadow (D:10)
  6 yaks (D:9)
  Grum (D:9)
  A sky beast (D:5)
  14 orc warriors
  7 ogres
  11 centaurs
  4 wolves (D:9)
  4 bullfrogs
  3 scorpions
  11 killer bees (D:9)
  2 howler monkeys
  5 crimson imps
  A centaur zombie (D:6)
  A bullfrog zombie (D:10)
  A quasit (D:6)
  A jelly (D:5)
  10 orc priests
  16 orc wizards
  A bullfrog skeleton (D:5)
  2 iguanas (D:5)
  11 worker ants
  A killer bee zombie (D:5)
  8 adders
  7 gnolls
  A shadow imp (D:5)
  An ooze (D:4)
  2 adder zombies
  2 adder skeletons
  A worm (D:3)
  3 leopard geckos
  53 orcs
  A ball python (D:4)
  5 giant cockroaches
  2 goblins (D:3)
  2 hobgoblins
  3 quokkas
  3 bats
  A frilled lizard (D:3)
  A leopard gecko skeleton (D:5)
  A quokka zombie (D:7)
  A rat (D:1)
222 creatures vanquished.

Vanquished Creatures (others)
  A queen bee (D:9)
  A killer bee (D:9)
2 creatures vanquished.

Grand Total: 224 creatures vanquished

Notes
Turn   | Place    | Note
-------+----------+-------------------------------------------
     0 | D:1      | Lavandula the Barachi Earth Elementalist began the quest for the Orb.
     0 | D:1      | Reached XP level 1. HP: 13/13 MP: 3/3
   188 | D:2      | Reached XP level 2. HP: 19/19 MP: 3/5
   323 | D:3      | Reached XP level 3. HP: 24/24 MP: 5/8
   328 | D:3      | Learned a level 3 spell: Stone Arrow
   435 | D:3      | Noticed SlightEye's ghost (amateur FoFi)
   519 | D:4      | Noticed a centaur
   528 | D:4      | HP: 1/24 [centaur (2)]
   532 | D:4      | Killed a centaur
   532 | D:4      | Reached XP level 4. HP: 9/30 MP: 0/10
   532 | D:4      | Reached XP level 5. HP: 11/35 MP: 0/11
   645 | D:4      | Reached skill level 5 in Earth Magic
   717 | D:4      | Learned a level 4 spell: Petrify
   898 | D:4      | Reached XP level 6. HP: 36/41 MP: 3/12
   929 | D:5      | Entered Level 5 of the Dungeon
   945 | D:5      | Reached skill level 5 in Spellcasting
   953 | D:5      | Learned a level 5 spell: Lee's Rapid Deconstruction
  1090 | D:5      | Reached XP level 7. HP: 27/46 MP: 1/14
  2107 | D:5      | Reached XP level 8. HP: 32/52 MP: 2/15
  2933 | D:6      | Reached skill level 1 in Axes
  3005 | D:6      | Reached skill level 2 in Axes
  3063 | D:6      | Reached skill level 3 in Axes
  3094 | D:6      | Reached skill level 4 in Axes
  3170 | D:7      | Got a jewelled hand axe
  3171 | D:7      | Identified the +11 hand axe "Takeem" {venom, rElec rPois rF+ Str-5 Int+4} (You found it on level 7 of the Dungeon)
  3187 | D:8      | Reached skill level 5 in Axes
  3225 | D:7      | Noticed Lavandula's ghost (novice BaEE)
  3230 | D:7      | Killed Lavandula's ghost
  3230 | D:7      | Reached skill level 7 in Axes
  3230 | D:7      | Reached XP level 9. HP: 57/57 MP: 8/16
  3425 | D:7      | Reached skill level 8 in Axes
  3800 | D:6      | Found a shadowy altar of Dithmenos.
  3892 | D:6      | Noticed Eustachio
  3901 | D:6      | Killed Eustachio
  3901 | D:6      | Reached skill level 9 in Axes
  3921 | D:6      | Found a staircase to the Ecumenical Temple.
  3940 | Temple   | Entered the Ecumenical Temple
  4031 | Temple   | Became a worshipper of Cheibriados the Contemplative
  4170 | D:9      | Reached skill level 10 in Axes
  4175 | D:9      | Reached XP level 10. HP: 46/63 MP: 0/17
  4181 | D:9      | Reached skill level 11 in Axes
  4345 | D:9      | Reached * piety under Cheibriados
  4392 | D:9      | Reached skill level 12 in Axes
  4473 | D:9      | Noticed Grum
  4477 | D:9      | Killed Grum
  4482 | D:9      | Reached ** piety under Cheibriados
  4673 | D:10     | Entered Level 10 of the Dungeon
  4693 | D:11     | Noticed a brown ugly thing
  4698 | D:11     | Killed a brown ugly thing
  4698 | D:11     | Reached skill level 13 in Axes
  4724 | D:10     | Noticed a two-headed ogre
  4730 | D:10     | Killed a two-headed ogre
  4777 | D:10     | Found a staircase to the Orcish Mines.
  4790 | D:10     | Reached XP level 11. HP: 68/68 MP: 7/18
  4800 | D:10     | Reached skill level 14 in Axes
  4814 | D:10     | Found a roughly hewn altar of Beogh.
  4819 | Orc:1    | Entered Level 1 of the Orcish Mines
  4821 | Orc:1    | Reached skill level 1 in Fighting
  4832 | Orc:1    | Reached *** piety under Cheibriados
  5073 | Orc:2    | Entered Level 2 of the Orcish Mines
  5073 | Orc:2    | Noticed a cyclops
  5077 | Orc:2    | Killed a cyclops
  5159 | Orc:2    | Reached skill level 5 in Fighting
  5304 | Orc:1    | Noticed an orc sorcerer
  5335 | Orc:2    | Found a staircase to the Elven Halls.
  5345 | Orc:2    | Found a runed door.
  5404 | Orc:2    | Noticed an orc knight
  5585 | Orc:2    | Reached **** piety under Cheibriados
  5615 | Orc:2    | Noticed an orc knight
  5761 | Orc:2    | Killed an orc knight
  5761 | Orc:2    | Reached skill level 1 in Invocations
  5880 | Orc:2    | Noticed an orc knight
  5883 | Orc:2    | Noticed an orc knight
  5890 | Orc:2    | Killed an orc knight
  5891 | Orc:2    | Noticed an orc knight
  5895 | Orc:2    | Killed an orc knight
  5899 | Orc:2    | Quit the game

Skill      XL: |  1  2  3  4  5  6  7  8  9 10 11 |
---------------+----------------------------------+-----
Spellcasting   | 3 4 5 |  5.2
Earth Magic    | 4 5 6 8 |  8.8
Axes           | 7 10 13 14 | 14.0
Fighting       | 5 |  5.0
Dodging        | 4 |  4.4
Invocations    | 4 |  4.2
Stealth        | |  1.7
Transmutations | |  1.1

Action                   |  1- 3 |  4- 6 |  7- 9 | 10-12 || total
-------------------------+-------+-------+-------+-------++-------
Melee: Mace              |       |     6 |     4 |       ||    10
       Hand axe          |       |       |   127 |   180 ||   307
 Cast: Sandblast         |    31 |    34 |    48 |    53 ||   166
       Stone Arrow       |       |     4 |    54 |    15 ||    73
       Lee's Rapid Decon |       |       |     8 |    12 ||    20
       Petrify           |       |       |       |     1 ||     1
Invok: Bend Time         |       |       |       |     1 ||     1
       Temporal Distorti |       |       |       |     1 ||     1
 Abil: Hop               |     1 |     2 |     5 |     6 ||    14
Evoke: Wand              |       |       |     1 |     4 ||     5
  Use: Potion            |     2 |     2 |     1 |     4 ||     9
       Scroll            |       |     4 |     5 |     7 ||    16
 Stab: Distracted        |       |       |     2 |       ||     2
       Sleeping          |       |       |       |     1 ||     1
       Petrified         |       |       |       |     6 ||     6
       Petrifying        |       |       |       |     1 ||     1
  Eat: Chunk             |       |       |    15 |     5 ||    20
       Ration            |       |       |     1 |       ||     1
Armor: Robe              |     3 |    13 |    51 |     4 ||    71
       Leather armour    |       |       |     1 |    46 ||    47
       Troll leather arm |       |       |       |     1 ||     1
Dodge: Dodged            |    15 |    28 |    92 |   107 ||   242
